 Dungeon Crawl Stone Soup version 0.29-a0-322-g68df515428 (webtiles) character file.

Game seed: 4716680810840914885

30 BritishOli the Skirmisher (level 3, 29/29 HPs)
             Began as a Demonspawn Monk on Apr 9, 2022.
             Got out of the dungeon alive.
             The game lasted 00:01:01 (1520 turns).

BritishOli the Skirmisher (Demonspawn Monk)         Turns: 1520, Time: 00:01:01

Health: 29/29      AC:  2    Str: 13    XL:     3   Next: 5%
Magic:  3/3        EV: 13    Int: 11    God:
Gold:   19         SH:  0    Dex: 15    Spells: 2/2 levels left

rFire   . . .      SeeInvis .   a - +0 falchion
rCold   . . .      Faith    .   (no shield)
rNeg    . . .      Spirit   .   b - +0 robe
rPois   .          Reflect  .   (helmet restricted)
rElec   .          Harm     .   (no cloak)
rCorr   .          Rampage  .   (no gloves)
Will    .....                   (no boots)
Stlth   ++........              (no amulet)
HPRegen 0.09/turn               (no ring)
MPRegen 0.16/turn               (no ring)

@: no status effects
A: horns 1, magic regeneration
a: no special abilities


You escaped.
You visited 1 branch of the dungeon, and saw 1 of its levels.

You collected 19 gold pieces.

Inventory:

Hand Weapons
 a - a +0 falchion (weapon)
Armour
 b - a +0 robe (worn)
Scrolls
 d - a scroll of vulnerability {unknown}
Potions
 c - a potion of ambrosia


   Skills:
 + Level 3.3 Fighting
 + Level 3.0 Long Blades
 + Level 3.0 Dodging
 + Level 2.2 Stealth


You had 2 spell levels left.
You didn't know any spells.
Your spell library was empty.

Dungeon Overview and Level Annotations

Branches:
Dungeon (1/15)

Altars:


Innate Abilities, Weirdness & Mutations

You have a pair of small horns on your head.
You regenerate magic rapidly.


Message History

You slash the frilled lizard!
You kill the frilled lizard!
A kobold comes into view. It is wielding a +0 dagger.
The helpless kobold fails to defend itself.
You slash the kobold!
You kill the kobold!
Things that are here:
a +0 dagger; 5 stones No target in view!
Key pressed, stopping explore.
No target in view!
No target in view!
A dart slug comes into view.
A dart slug is nearby!
A dart slug is nearby!
You hit the dart slug. Your headbutt misses the dart slug.
The dart slug is heavily wounded.
The dart slug closely misses you.
A dart slug is nearby!
You hit the dart slug.
You kill the dart slug!
You have reached level 3!
Your experience leads to an increase in your attributes!
Increase (S)trength, (I)ntelligence, or (D)exterity?
You feel stronger. x2; Your demonic ancestry asserts itself...
Your magic begins to regenerate rapidly.
Found a faded altar of an unknown god.
You see here a dart slug corpse.
You see here a dart slug corpse.
You see here a +0 whip.
You see here a +0 dagger.
There is a stone staircase leading down here.
Done exploring.
(D) Dungeon
Where to? (? - help)
Okay, then.
There is a stone staircase leading down here.
There is a staircase leading out of the dungeon here.
Are you sure you want to leave the Dungeon?
This will make you lose the game!
You have escaped!

#.#......................##.##.#
.....##.##............##.##.##.#
#.#..........≈≈≈.≈≈≈...#.##.##.#
#.#.###.##..≈≈♣....≈≈.....#.##.#
........#..≈≈..8....≈≈..#.#.##.#
#...###.#.≈≈.........≈≈........#
#...###.#.≈...........≈...#.####
........#.≈..♣.....8..≈...###
#.......#.≈≈..8.@..♣.≈≈...#
#...#####..≈≈.......≈≈....#######
............≈≈...♣.≈≈.........##.
###.#######..≈≈≈≈≈≈≈..........##.
#....................#...#.#..##.
#.#.............##...............
#.#.#######.##.###.###...###..##.
#.#.#######.##.# #.# #...# #..##.
...............# #.# #...# #.....


There were no monsters in sight!

Vanquished Creatures
  A dart slug (D:1)
  A bat (D:1)
  4 endoplasms (D:1)
  4 goblins (D:1)
  2 hobgoblins (D:1)
  A quokka (D:1)
  4 ball pythons (D:1)
  4 frilled lizards (D:1)
  4 kobolds (D:1)
  A rat (D:1)
26 creatures vanquished.

Notes
Turn   | Place    | Note
-------+----------+-------------------------------------------
     0 | D:1      | BritishOli the Demonspawn Monk began the quest for the Orb.
     0 | D:1      | Reached XP level 1. HP: 18/18 MP: 1/1
   220 | D:1      | Gained mutation: You have a pair of small horns on your
                  | head. [demonic ancestry]
   220 | D:1      | Reached XP level 2. HP: 20/24 MP: 2/2
  1263 | D:1      | Gained mutation: You regenerate magic rapidly. [demonic
                  | ancestry]
  1263 | D:1      | Reached XP level 3. HP: 29/29 MP: 3/3
  1263 | D:1      | Found a faded altar of an unknown god.
  1520 | D:$      | Got out of the dungeon alive.

Illustrated notes

Levels and vault maps discovered:
D:1:      moated_graveyard_arrival, layout_basic,
          shapermc_ecumenical_altar_petra

Skill      XL: |  1  2 |
---------------+-------+-----
Stealth        | 2 |  2.2
Dodging        | 3 |  3.0
Long Blades    | 3 |  3.0
Fighting       | |  3.3

Action                   || total
-------------------------++-------
Melee: Falchion          ||    58
       Headbutt          ||     9
       Punch             ||     1
 Stab: Sleeping          ||     1
Armor: Robe              ||     7
Dodge: Dodged            ||    43

Table legend: (Time is in decaauts)
 A = Elapsed time spent in this place.
 B = Non-inter-level travel time spent in this place.
 C = Inter-level travel time spent in this place.
 D = Time resting spent in this place.
 E = Time spent auto-exploring this place.
 F = Levels seen in this place.
 G = Mean time per level.
                   A        B        C        D        E       F      G
               +--------+--------+--------+--------+--------+-----+--------+
         Total |   1529 |   1432 |     97 |      0 |   1275 |   1 | 1529.0 |
       Dungeon |   1529 |   1432 |     97 |      0 |   1275 |   1 | 1529.0 |
               +--------+--------+--------+--------+--------+-----+--------+

Top non-repeatable levels by time:
     D:1: 1529 daAuts
